Map: Kairos Junction LE

Players

GOReynor (Reynor) - Winner!

  • Race: Zerg Zerg
  • League: Master
  • Spawn Location: 11:00

Harstem

  • Race: Protoss Protoss
  • League: Grandmaster
  • Spawn Location: 5:00

Event: QLASH StarCraft II Invitational 2 Offline Finals

VOD

Have the link to the VOD?

Description

Time

  • Played on: July 27, 2019, 8:42 a.m.
  • Length: 11:12

All games in this series

Show
View Real Time Build Order
Export as new Build Order

GOReynor Zerg - Winner!

Build Orders: Hatch First 

Get SALT Encoding   

  12  0:00  Drone  
  13  0:12  Overlord  
  13  0:16  Drone  
  14  0:30  Drone x2  
  16  0:43  Drone  
  16  0:49  Drone  
  18  0:55  Hatchery  
  17  0:58  Drone  
  18  1:04  Extractor  
  17  1:13  Spawning Pool  
  17  1:16  Drone  
  17  1:20  Drone  
  18  1:28  Drone  
  19  1:38  Overlord  
  19  2:00  Queen, Zergling x4  
  23  2:07  Queen, Zergling x2  
  26  2:13  Zergling x2, Metabolic Boost  
  27  2:18  Zergling x2  
  28  2:34  Zergling x4  
  30  2:39  Hatchery  
  30  2:43  Drone  
  30  2:45  Zergling x2  
  30  2:50  Overlord  
  31  2:54  Drone  
  31  2:57  Zergling x2  
  33  3:01  Zergling x2  
  34  3:06  Zergling x2  
  35  3:13  Zergling x6  
  35  3:14  Zergling x2  
  35  3:17  Zergling x2  
  35  3:18  Zergling x2  
  41  3:22  Zergling x2  
  41  3:23  Zergling x2  
  43  3:30  Zergling x2  
  43  3:34  Zergling x2  
  43  3:37  Zergling x2  
  43  3:40  Zergling x2  
  44  3:43  Drone, Overlord  
  44  3:45  Drone  
  43  3:49  Drone  
  43  3:53  Drone  
  43  3:56  Drone  
  43  3:57  Drone  
  43  4:02  Drone  
  43  4:05  Queen  
  43  4:07  Drone  
  47  4:10  Drone  
  47  4:13  Drone  
  47  4:16  Overlord  
  48  4:19  Drone  
  49  4:24  Overlord  
  49  4:34  Overlord  
  49  4:35  Drone x4  
  53  4:40  Drone  
  53  4:41  Drone  
  53  4:42  Drone  
  53  4:44  Drone x2  
  58  4:49  Drone  
  58  4:51  Drone x2  
  61  4:53  Drone  
  61  4:54  Drone  
  61  4:56  Drone  
  64  5:01  Roach Warren  
  64  5:02  Drone  
  64  5:07  Drone x2  
  64  5:10  Overlord  
  66  5:16  Extractor  
  66  5:17  Drone x4, Extractor  
  66  5:20  Drone, Extractor  
  68  5:21  Drone x3  
  68  5:23  Drone  
  72  5:29  Drone  
  72  5:30  Drone x2  
  72  5:32  Drone  
  72  5:33  Drone  
  77  5:39  Overlord  
  77  5:42  Roach x2  
  81  5:45  Overlord x2  
  81  6:00  Roach x4  
  88  6:05  Roach x4  
  88  6:08  Roach  
  88  6:09  Overlord  
  88  6:10  Drone  
  88  6:11  Drone  
  100  6:13  Roach  
  100  6:15  Overlord  
  102  6:23  Overlord, Ravager x3  
  102  6:25  Ravager  
  105  6:31  Zergling x16  
  113  6:36  Overlord, Spine Crawler  
  113  6:37  Spine Crawler  
  113  6:38  Ravager x2  
  113  6:39  Ravager  
  114  6:40  Zergling x8  
  114  6:43  Zergling x2  
  119  6:51  Overlord  
  119  6:52  Roach x3, Zergling x2  
  125  6:55  Roach  
  125  6:58  Zergling x6  
  128  7:07  Zergling x2  
  128  7:08  Zergling x4  
  126  7:13  Roach  
  125  7:15  Roach  
  125  7:17  Roach  
  118  7:23  Roach x6  
  118  7:26  Ravager x2  
  118  7:27  Overlord  
  132  7:30  Roach  
  132  7:32  Roach  
  132  7:34  Ravager  
  132  7:36  Overlord x2  
  137  7:37  Extractor  
  137  7:43  Roach  
  138  7:45  Overlord x2  
  138  7:46  Lair  
  138  7:47  Drone x2  
  138  7:50  Extractor  
  136  7:54  Zergling x4  
  125  7:59  Zergling x14  
  125  8:01  Drone  
  125  8:02  Roach  
  125  8:04  Ravager x2  
  132  8:05  Zergling x2  
  132  8:07  Queen  
  132  8:09  Spine Crawler  
  132  8:10  Ravager  
  132  8:11  Zergling x6, Spine Crawler  
  132  8:12  Zergling x2  
  137  8:14  Overlord  
  137  8:17  Roach  
  137  8:19  Ravager  
  140  8:22  Ravager  
  140  8:27  Ravager, Zergling x4  
  138  8:30  Overlord  
  138  8:31  Zergling x6  
  141  8:35  Evolution Chamber  
  141  8:38  Roach x4, Zergling x2  
  142  8:46  Roach x4  
  132  8:51  Roach  
  132  8:53  Ravager x3  
  136  8:58  Roach x5  
  143  9:04  Roach  
  143  9:05  Roach  
  141  9:10  Roach x3  
  141  9:11  Roach  
  141  9:14  Ravager  
  141  9:16  Zergling x2  
  151  9:20  Roach x2  
  151  9:23  Zergling x2  
  140  9:26  Roach x2, Zergling x2  
  140  9:28  Glial Reconstitution  
  140  9:31  Zergling x4  
  140  9:37  Drone  
  139  9:39  Drone x2  
  139  9:42  Zergling x4  
  139  9:45  Overlord  
  143  9:47  Zergling x2  
  143  9:48  Hatchery  
  143  9:50  Baneling Nest  
  143  9:52  Ravager x3  
  144  9:53  Zergling x6  
  144  9:59  Zergling x4  
  149  10:16  Roach x8  
  165  10:23  Roach  
  165  10:24  Roach x2  
  171  10:30  Roach x3  
  177  10:37  Overlord  
  177  10:39  Ravager x2  
  187  10:42  Roach  
  187  10:43  Roach x4, Zergling x2  
  187  10:46  Overlord  
  187  10:48  Roach  
  187  10:51  Roach x2  
Show
View Real Time Build Order
Export as new Build Order

Harstem Protoss 

Build Orders: 1 Gate Expand 

Get SALT Encoding   

  12  0:00  Probe  
  13  0:13  Probe  
  14  0:18  Pylon  
  14  0:25  Probe  
  15  0:34  Probe  
  15  0:39  Gateway  
  15  0:42  Probe  
  17  0:51  Probe  
  17  0:53  Assimilator  
  18  1:03  Probe  
  19  1:15  Probe  
  20  1:25  Nexus  
  20  1:39  Cybernetics Core  
  20  1:40  Probe  
  21  1:47  Assimilator  
  21  1:52  Probe  
  22  1:54  Pylon  
  22  2:05  Probe  
  22  2:06  Adept  
  23  2:17  Probe  
  23  2:20  Robotics Facility  
  26  2:29  Probe  
  27  2:35  Probe  
  27  2:37  Stalker  
  27  2:41  Probe  
  27  2:43  Probe  
  32  2:53  Probe x2  
  32  2:58  Warp Prism  
  34  2:59  Gateway  
  35  3:07  Adept  
  38  3:15  Probe  
  40  3:20  Pylon  
  40  3:27  Probe  
  40  3:28  Adept  
  40  3:30  Gateway  
  40  3:31  Gateway  
  40  3:38  Pylon  
  42  3:47  Cybernetics Core  
  42  3:51  Immortal  
  42  3:56  Pylon  
  42  3:58  Gateway  
  42  4:00  Probe  
  42  4:02  Probe  
  48  4:12  Probe  
  48  4:14  Warp Gate, Probe  
  48  4:15  Zealot  
  52  4:20  Pylon  
  52  4:25  Immortal  
  52  4:27  Probe  
  57  4:33  Probe  
  57  4:35  Pylon  
  58  4:38  Assimilator  
  58  4:46  Probe  
  58  4:48  Probe  
  60  4:53  Pylon  
  60  4:54  Immortal  
  60  5:01  Gateway  
  60  5:05  Sentry  
  66  5:07  Assimilator  
  66  5:13  Probe  
  66  5:14  Probe  
  68  5:21  Sentry  
  70  5:25  Immortal, Probe  
  70  5:26  Probe  
  72  5:36  Pylon  
  72  5:37  Probe  
  72  5:38  Probe, Pylon  
  78  5:43  Pylon  
  78  5:47  Pylon  
  79  5:50  Probe  
  79  5:51  Gateway  
  79  5:53  Gateway  
  79  6:04  Zealot, Sentry x3  
  79  6:09  Observer  
  88  6:21  Pylon  
  88  6:22  Zealot  
  90  6:28  Zealot x3  
  90  6:29  Zealot  
  98  6:33  Pylon  
  97  6:48  Sentry, Stalker x3  
  97  6:49  Stalker x2  
  97  6:53  Zealot  
  109  6:56  Immortal  
  101  7:16  Sentry  
  101  7:17  Zealot x5, Sentry  
  111  7:25  Warp Prism  
  109  7:36  Sentry  
  113  7:38  Zealot x4  
  111  8:01  Sentry x3  
  111  8:02  Zealot x4  
  123  8:07  Pylon  
  123  8:09  Pylon  
  123  8:26  Probe  
  122  8:28  Zealot x4, Sentry, Pylon  
  122  8:29  Pylon  
  124  8:47  Sentry  
  124  8:48  Zealot  
  118  8:51  Zealot x5  
  120  9:01  Immortal  
  86  9:29  Immortal  
  78  9:34  Sentry x2  
  78  9:35  Zealot x4, Sentry  
  90  9:54  Pylon  
  90  9:59  Zealot x4, Sentry x3  
  104  10:12  Robotics Bay  
  104  10:22  Sentry x3  
  104  10:23  Zealot x4  
  118  10:38  Pylon  
Tags
 
Add a new tag
Caveats
  • Supply blocks, unpowered buildings, or Contaminate may cause inaccurate times.
  • Supply counts are checked every 10 seconds.